 Dungeon Crawl Stone Soup version 0.12.2-22-g286eab9 (webtiles) character file.

104 Nattfarinn the Insei (level 3, -3/23 HPs)
             Began as a Sludge Elf Transmuter on Aug 29, 2013.
             Slain by a worm (7 damage)
             ... on Level 2 of the Dungeon.
             The game lasted 00:08:04 (1305 turns).

Nattfarinn the Insei (Sludge Elf Transmuter)        Turns: 1305, Time: 00:08:04

HP  -3/23        AC  5     Str 11      XL: 3   Next: 58%
MP   5/5         EV  9     Int 14      God:
Gold 61          SH  0     Dex 14      Spells:  1 memorised,  6 levels left

Res.Fire  : . . .   See Invis. : .   m - +2,+4 mace
Res.Cold  : . . .   Warding    : .   g - +0 dwarf ring mail
Life Prot.: . . .   Conserve   : .   (no shield)
Res.Poison: .       Res.Corr.  : .   (no helmet)
Res.Elec. : .       Clarity    : .   (no cloak)
Sust.Abil.: . .     Spirit.Shd : .   (no gloves)
Res.Mut.  : .       Stasis     : .   (no boots)
Res.Rott. : .       Ctrl.Telep.: .   (no amulet)
Saprovore : . . .   Flight     : .   (no ring)
                                     (no ring)

@: slightly resistant to hostile enchantments, very unstealthy
A: no striking features
a: no special abilities


You were on level 2 of the Dungeon.
You were not hungry.

You visited 1 branch of the dungeon, and saw 2 of its levels.

You collected 41 gold pieces.

Inventory:

Hand weapons
 j - a -1,+0 orcish dagger (quivered)
 m - a +2,+4 mace (weapon)
 p - a +1,+2 orcish vampiric short sword
 v - a +3,+2 elven dagger
Missiles
 b - 12 arrows
Armour
 c - a +0 elven robe
 g - a +0 dwarven ring mail (worn)
 n - a +0 elven robe
Comestibles
 a - a bread ration
Scrolls
 f - a scroll of fog {unknown}
 l - a scroll of blinking {unknown}
 o - 3 scrolls of magic mapping {unknown}
 q - a scroll of enchant weapon I {unknown}
 s - a scroll of amnesia {unknown}
 t - a scroll of teleportation {unknown}
Jewellery
 h - an uncursed ring of protection from fire {unknown}
Potions
 e - 8 potions of curing {unknown}
 i - a potion of resistance {unknown}
 r - a potion of restore abilities {unknown}
Books
 d - a book of Changes

   Spells                             Type                      Level
   *Beastly Appendage                 Transmutation                1
   Sticks to Snakes                   Transmutation                2
   Spider Form                        Transmutation/Poison         3
   Ice Form                           Ice/Transmutation            4
   Blade Hands                        Transmutation                5


   Skills:
 + Level 1.3 Fighting
 + Level 0.1 Maces & Flails
 + Level 0.4 Armour
 + Level 3.3 Dodging
 + Level 3.7 Unarmed Combat
 + Level 2.6 Spellcasting
 + Level 3.1 Transmutations


You had 6 spell levels left.
You knew the following spells:

 Your Spells              Type           Power        Failure   Level  Hunger
a - Beastly Appendage     Trmt           ###....      30%         1    #......


Dungeon Overview and Level Annotations

Branches:
Dungeon (2/27)

Altars:


Message History

You hit the worm.
The worm is lightly wounded.
The bat completely misses you. The worm bites you but does no damage.
You hit the worm.
The worm is moderately wounded.
The bat hits you but does no damage. The worm barely misses you.
Your ring mail prevents you from hitting the worm.
The worm is moderately wounded.
The bat hits you but does no damage. The worm bites you!
You hit the worm.
The worm is heavily wounded.
The bat hits you but does no damage.
You barely miss the worm.
The worm is heavily wounded.
The bat barely misses you. The worm bites you.
* * * LOW HITPOINT WARNING * * *
You hit the worm.
The worm is severely wounded.
The bat closely misses you. The worm bites you!
You die...

. #### . ..# . #.######.
####+#####.#####.##.....
#....?..#.>.............
#.⌠...⌠.########.##.#...
#.......#### #.##.#.#.
+...⌠.w@'..# #[##.#.#.
#.......##b#####.##.#.#.
#.⌠...⌠.#.%((....##.#.#.
#.......##(########.#...
####+#####.# #.###. .(#
#.# ## #### #.. ###


You could see a worm and a bat.

Vanquished Creatures
  3 giant geckos
  An ooze (D:1)
  3 bats (D:1)
  A giant cockroach (D:1)
  3 goblins (D:1)
  11 hobgoblins (D:1)
  4 jackals (D:2)
  A giant newt (D:1)
  4 kobolds
  6 rats
37 creatures vanquished.

Notes
Turn   | Place    | Note
--------------------------------------------------------------
     0 | D:1      | Nattfarinn, the Sludge Elf Transmuter, began the quest for the Orb.
     0 | D:1      | Reached XP level 1. HP: 13/13 MP: 1/1
   255 | D:1      | Reached XP level 2. HP: 13/18 MP: 4/4
   872 | D:1      | Reached XP level 3. HP: 15/23 MP: 5/5
  1305 | D:2      | Slain by a worm

Action                   || total
-------------------------++-------
Melee: Unarmed           ||    17
       Mace              ||   100
